 Dungeon Crawl Stone Soup version 0.29-a0-477-g62b78b4225 (webtiles) character file.

Game seed: 12179989934173453646

2232 siradein the Skirmisher (level 9, -1/96 HPs)
             Began as a Troll Fighter on May 25, 2022.
             Was a Follower of Makhleb.
             Slain by Pikel
             ... wielding a +0 whip of freezing
              (18 damage)
             ... on level 5 of the Dungeon.
             The game lasted 00:12:33 (5255 turns).

siradein the Skirmisher (Troll Fighter)             Turns: 5255, Time: 00:12:35

Health: -1/96      AC:  4    Str: 30    XL:     9   Next: 14%
Magic:  13/13      EV:  9    Int:  4    God:    Makhleb [*.....]
Gold:   218        SH:  8    Dex: 15    Spells: 8/8 levels left

rFire   . . .      SeeInvis .     - Unarmed
rCold   . . .      Faith    .   b - +0 kite shield
rNeg    . . .      Spirit   .   a - +0 robe
rPois   .          Reflect  .   (helmet restricted)
rElec   .          Harm     .   (no cloak)
rCorr   .          Rampage  .   (gloves unavailable)
Will    .....                   (boots unavailable)
Stlth   +.........              (no amulet)
HPRegen 1.06/turn               t - +6 ring of dexterity
MPRegen 0.13/turn               (no ring)

@: mighty
A: large, unfitting armour, claws 3, regeneration 1, shaggy fur 1, tough skin 1
a: Renounce Religion


You were on level 5 of the Dungeon.
You worshipped Makhleb.
Makhleb was aware of your devotion.
You visited 2 branches of the dungeon, and saw 7 of its levels.

You collected 218 gold pieces.

Inventory:

Missiles
 j - a poisoned dart
 q - 119 stones (quivered)
 y - 2 throwing nets
Armour
 a - a +0 robe (worn)
 b - a +0 kite shield (worn)
Jewellery
 t - a +6 ring of dexterity (left claw)
Wands
 s - a wand of acid (6)
Scrolls
 d - a scroll of magic mapping
 f - a scroll of fear
 i - a scroll of brand weapon
 k - a scroll of enchant weapon
 n - a scroll of poison {unknown}
 o - a scroll of vulnerability {unknown}
 p - 2 scrolls of amnesia {unknown}
 r - a scroll of summoning {unknown}
 u - 2 scrolls of teleportation {unknown}
 w - a scroll of blinking {unknown}
 x - a scroll of enchant armour
Potions
 c - a potion of might
 e - a potion of flight {unknown}
 g - 4 potions of heal wounds
 h - 3 potions of degeneration {unknown}
 l - 4 potions of haste {unknown}
 m - 4 potions of curing
 v - 2 potions of lignification {unknown}
 z - a potion of brilliance {unknown}
 A - a potion of mutation {unknown}


   Skills:
 + Level 7.8 Fighting
 + Level 2.9 Dodging
 + Level 3.1 Shields
 + Level 2.6 Unarmed Combat
 + Level 6.9 Invocations


You had 8 spell levels left.
You didn't know any spells.
Your spell library contained the following spells:

 Spells                   Type           Power      Damage    Failure   Level
 Magic Dart               Conj           0%         1d3       80%         1
 Sandblast                Erth           0%         2d4       80%         1
 Passwall                 Tmut/Erth      0%         N/A       90%         2
 Searing Ray              Conj           0%         2d4       90%         2
 Ignite Poison            Fire/Tmut/Pois 0%         N/A       99%         3
 Mephitic Cloud           Conj/Pois/Air  0%         N/A       99%         3
 Stone Arrow              Conj/Erth      0%         3d7       99%         3
 Fulminant Prism          Conj/Hex       0%         3d6       100%        4
 Freezing Cloud           Conj/Ice/Air   0%         6-21      100%        5


Dungeon Overview and Level Annotations

Branches:
Dungeon (6/15)             Temple (1/1) D:4

Altars:
Ashenzari
Cheibriados
Dithmenos
Elyvilon
Fedhas
Gozag
Hepliaklqana
Kikubaaqudgha
Makhleb
Nemelex Xobeh
Okawaru
Qazlal
Ru
Sif Muna
Trog
Uskayaw
Vehumet
Wu Jian
Xom
Yredelemnul
Zin
The Shining One

Shops:
D:2 =   D:4 [   D:5 *[=

Annotations:
D:5 Pikel


Innate Abilities, Weirdness & Mutations

You are too large for most types of armour.
You have claws for hands.
Your natural rate of healing is unusually fast.
You are covered in fur. (AC +1)
You have tough skin. (AC +1)


Message History

The lemure shouts!
Pikel hits you with a +0 whip of freezing.
Pikel freezes you. The lemure hits you.
You climb upwards.
There is a stone staircase leading down here.
Pikel hits you with a +0 whip of freezing.
Pikel freezes you.
Pikel rages.
You block Pikel's attack.
Pikel hits you with a +0 whip of freezing.
Pikel freezes you. The lemure hits you! The lemure attacks as you move away!
The lemure hits you but does no damage.
You closely miss Pikel. Pikel closely misses you.
Pikel hits you with a +0 whip of freezing!
Pikel freezes you!
You can't see any enemies this would affect, really read the scroll of fear?
Okay, then.
You feel very mighty all of a sudden.
Pikel hits you with a +0 whip of freezing!
Pikel freezes you.
* * * LOW HITPOINT WARNING * * *
You closely miss Pikel. Pikel completely misses you. You block Pikel's attack.
You barely miss Pikel. Pikel completely misses you.
You claw Pikel!
Pikel is lightly wounded.
Pikel hits you with a +0 whip of freezing.
* * * LOW HITPOINT WARNING * * *
Pikel freezes you.
* * * LOW HITPOINT WARNING * * *
Pikel hits you with a +0 whip of freezing.
* * * LOW HITPOINT WARNING * * *
Pikel freezes you.
* * * LOW HITPOINT WARNING * * *
Unknown command.
Unknown command.
Unknown command.
You claw Pikel!
Pikel is moderately wounded.
Pikel hits you with a +0 whip of freezing!!
You die...

#......#########
#......#
#..............#
###..###
#.#######......#
#...##### #.#
#......# #........
##.#######......##
#####........
#................#
#..##........
#....#####.......#
#..##........ #....#
#####...#
#..##........ #....#
##@.# #.........<..
#....#
###K###.##.........
#....#
##.......##.........
######
##>.......##...†.....
#..........#.........
#....>.....#.#######.
#..........#....'..∩.
#...............####≈
#..........###....[..


You could see Pikel (berserk).

Vanquished Creatures
  A two-headed ogre (D:5)
  Grinder (D:6)
  Eustachio (D:4)
  Menkaure (D:5)
  A black bear (D:6)
  2 ogres
  A phantom (D:5)
  3 scorpions
  A necrophage (D:5)
  3 electric eels (D:6)
  6 hounds
  A jelly (D:6)
  2 orc priests (D:4)
  2 orc wizards (D:5)
  An iguana (D:6)
  7 adders
  An ufetubus (D:5)
  A worm (D:3)
  4 dart slugs
  17 orcs
  6 bats
  3 endoplasms (D:4)
  2 giant cockroaches
  6 goblins
  7 hobgoblins
  4 jackals (D:3)
  7 kobolds
  A quokka (D:1)
  3 ball pythons
  2 frilled lizards (D:1)
  4 rats
102 creatures vanquished.

Notes
Turn   | Place    | Note
-------+----------+-------------------------------------------
     0 | D:1      | siradein the Troll Fighter began the quest for the Orb.
     0 | D:1      | Reached XP level 1. HP: 22/22 MP: 0/0
    99 | D:1      | Reached skill level 3 in Fighting
    99 | D:1      | Reached XP level 2. HP: 31/31 MP: 1/1
   308 | D:1      | Found a faded altar of an unknown god.
  1058 | D:2      | Reached XP level 3. HP: 17/37 MP: 2/2
  1230 | D:2      | Found Uffey's Jewellery Boutique.
  1425 | D:2      | Reached skill level 4 in Fighting
  1490 | D:2      | Reached XP level 4. HP: 48/48 MP: 3/3
  2530 | D:4      | Found a staircase to the Ecumenical Temple.
  2555 | Temple   | Entered the Ecumenical Temple
  2799 | Temple   | Became a worshipper of Makhleb the Destroyer
  2933 | D:4      | Reached skill level 1 in Invocations
  2936 | D:4      | Reached XP level 5. HP: 53/55 MP: 4/4
  2955 | D:4      | Noticed an ogre
  3004 | D:4      | Killed an ogre
  3056 | D:4      | Found Dyteics's Antique Armour Emporium.
  3080 | D:4      | Reached skill level 5 in Fighting
  3080 | D:4      | Reached XP level 6. HP: 66/66 MP: 6/6
  3555 | D:4      | Found an ornate altar of the Wu Jian Council.
  3626 | D:5      | Entered Level 5 of the Dungeon
  3626 | D:5      | Found Zookhest's Jewellery Shop.
  3629 | D:5      | Found Biuk's Antique Armour Emporium.
  3635 | D:5      | Noticed Eustachio
  3713 | D:5      | Found Jioschia's Assorted Antiques.
  3713 | D:5      | Noticed Menkaure
  3740 | D:5      | Reached XP level 7. HP: 63/74 MP: 8/8
  3840 | D:5      | Killed Menkaure
  3841 | D:5      | Reached skill level 6 in Fighting
  4049 | D:5      | Noticed a two-headed ogre
  4059 | D:5      | Killed a two-headed ogre
  4059 | D:5      | Reached * piety under Makhleb
  4060 | D:5      | Reached skill level 7 in Fighting
  4060 | D:5      | Reached skill level 5 in Invocations
  4060 | D:5      | Reached XP level 8. HP: 34/87 MP: 9/11
  4452 | D:4      | Killed Eustachio
  4711 | D:6      | Noticed Grinder
  4741 | D:6      | Killed Grinder
  5014 | D:6      | Reached XP level 9. HP: 88/94 MP: 13/13
  5174 | D:6      | Noticed Pikel
  5179 | D:6      | Paralysed by Pikel for 3 turns
  5255 | D:5      | Slain by Pikel

Illustrated notes

Levels and vault maps discovered:
D:1:      zaba_arrival_water, layout_basic, ebering_ecumenical_altar_box
D:2:      layout_basic, serial_shops, shop
D:3:      layout_basic
D:4:      layout_loops_ring, pdpol_wu_jian_five_deadly_venoms,
          minmay_temple_entry_slanted, serial_shops, shop_fountains,
          st_stairs_14
D:5:      layout_rooms, serial_shops, nicolae_shop_hallway_stairs, shop,
          nicolae_shop_competitors_out_of_business, st_stairs_7,
          minmay_crystal_room, uniq_eustachio, uniq_menkaure
D:6:      layout_rooms, chequers_serial_rivers_small_3, kennysheep_boxes,
          uniq_grinder, uniq_pikel, uniq_crazy_yiuf_cottage
Temple:   mainiacjoe_temple_hex_bubbles

Skill      XL: |  1  2  3  4  5  6  7  8  9 |
---------------+----------------------------+-----
Fighting       | 3 4 5 7 |  7.8
Invocations    | 1 2 3 5 6 |  6.9
Shields        | 3 |  3.1
Dodging        | |  2.9
Unarmed Combat | |  2.6

Action                   |  1- 3 |  4- 6 |  7- 9 || total
-------------------------+-------+-------+-------++-------
Melee: Unarmed           |    93 |   150 |   174 ||   417
Throw: Stone             |       |     5 |     3 ||     8
       Dart              |       |     1 |     4 ||     5
Evoke: Wand              |       |       |     1 ||     1
  Use: Scroll            |       |       |     6 ||     6
       Potion            |       |       |     1 ||     1
 Stab: Sleeping          |     1 |       |       ||     1
Armor: Robe              |    22 |    50 |    26 ||    98
Dodge: Dodged            |    34 |    43 |    49 ||   126
Block: Kite shield       |    24 |    51 |    65 ||   140

Table legend: (Time is in decaauts)
 A = Elapsed time spent in this place.
 B = Non-inter-level travel time spent in this place.
 C = Inter-level travel time spent in this place.
 D = Time resting spent in this place.
 E = Time spent auto-exploring this place.
 F = Levels seen in this place.
 G = Mean time per level.
                   A        B        C        D        E       F      G
               +--------+--------+--------+--------+--------+-----+--------+
         Total |   5310 |   5188 |    122 |    327 |   3605 |   7 |  758.6 |
       Dungeon |   5055 |   4933 |    122 |    327 |   3372 |   6 |  842.5 |
        Temple |    254 |    254 |      0 |      0 |    233 |   1 |  254.0 |
               +--------+--------+--------+--------+--------+-----+--------+

Top non-repeatable levels by time:
     D:2: 992 daAuts
     D:5: 956 daAuts
     D:4: 892 daAuts
     D:3: 804 daAuts
     D:1: 747 daAuts
     D:6: 663 daAuts
  Temple: 254 daAuts
